Map: Incorporeal LE

Players

ManlyManMeat - Winner!

  • Race: Zerg Zerg
  • League: Master
  • Spawn Location: 5:00

VOD

Have the link to the VOD?

Description

Time

  • Played on: June 19, 2025, 2:55 a.m.
  • Length: 15:42
Show
View Real Time Build Order
Export as new Build Order

ManlyManMeat Zerg - Winner!

Build Orders:  

Get SALT Encoding   

  12  0:00  Drone  
  13  0:18  Overlord  
  13  0:29  Drone  
  14  0:43  Drone x2  
  16  0:52  Drone  
  17  1:12  Hatchery  
  17  1:15  Drone  
  17  1:26  Drone  
  18  1:37  Extractor  
  17  1:46  Spawning Pool  
  17  1:48  Drone  
  17  2:00  Drone  
  17  2:09  Drone  
  19  2:26  Drone  
  20  2:51  Queen  
  20  2:53  Queen  
  20  2:54  Overlord  
  20  2:57  Zergling x2  
  20  2:58  Zergling x2  
  26  3:14  Drone  
  26  3:16  Drone  
  28  3:27  Drone x2  
  30  3:36  Overlord  
  30  3:58  Drone, Hatchery  
  30  3:59  Drone  
  31  4:01  Metabolic Boost  
  31  4:03  Drone  
  31  4:07  Drone  
  33  4:18  Queen  
  35  4:21  Drone  
  35  4:24  Drone  
  37  4:30  Drone  
  37  4:31  Drone  
  39  4:43  Drone x4  
  43  4:51  Overlord  
  43  4:54  Overlord  
  43  5:21  Zergling x8  
  43  5:22  Zergling x8  
  43  5:23  Zergling x2  
  52  5:34  Queen  
  54  5:45  Drone x5  
  54  5:49  Queen  
  61  6:08  Overlord  
  61  6:09  Overlord x2  
  61  6:26  Overlord  
  61  6:27  Overlord x2  
  61  6:45  Drone x4  
  61  6:46  Drone x3  
  68  6:54  Drone x2  
  68  6:55  Baneling Nest, Extractor  
  68  6:58  Drone  
  69  7:04  Drone x4  
  69  7:05  Drone  
  69  7:06  Evolution Chamber  
  69  7:09  Evolution Chamber  
  72  7:10  Lair  
  72  7:35  Drone x2  
  72  7:38  Drone  
  75  7:41  Overlord x3  
  74  7:53  Pneumatized Carapace  
  74  7:55  Zerg Melee Weapons Level 1  
  74  8:03  Centrifugal Hooks  
  74  8:07  Drone  
  74  8:08  Drone x2  
  74  8:09  Extractor  
  76  8:10  Drone  
  77  8:21  Extractor  
  77  8:23  Extractor  
  75  8:31  Drone x3  
  75  8:32  Hatchery  
  75  8:33  Hatchery  
  75  8:36  Hatchery  
  75  9:03  Drone x2  
  75  9:04  Drone  
  75  9:08  Zerg Ground Armor Level 1  
  75  9:09  Zergling x4  
  80  9:10  Zergling x22  
  80  9:17  Hatchery  
  90  9:25  Hatchery  
  89  9:46  Zergling x14  
  89  9:47  Zergling x4  
  98  10:20  Drone x2  
  98  10:21  Drone  
  98  10:22  Drone x2  
  98  10:23  Drone  
  98  10:26  Zergling x6  
  98  10:27  Zergling x8  
  111  10:42  Unknown  
  111  10:50  Baneling x8  
  111  10:51  Baneling x12  
  111  10:52  Zergling x8  
  111  10:53  Zergling x16  
  111  10:58  Zerg Melee Weapons Level 2  
  123  11:05  Infestation Pit  
  122  11:10  Drone x2  
  122  11:11  Drone x6  
  130  11:24  Baneling x12  
  130  11:27  Zergling x22  
  130  11:28  Zergling x6  
  144  11:53  Drone x3  
  144  11:54  Drone x3  
  144  11:55  Overlord  
  144  11:56  Overlord x5  
  144  11:57  Overlord x2  
  150  12:00  Zerg Ground Armor Level 2  
  150  12:07  Zergling x2  
  150  12:08  Zergling x16  
  159  12:15  Baneling x11  
  159  12:54  Zergling x26  
  159  12:55  Zergling x28  
  186  13:17  Zergling x12  
  186  13:18  Zergling x14  
  199  13:43  Neural Parasite  
  199  13:48  Unknown  
  199  14:09  Unknown  
  190  14:20  Unknown  
  190  14:21  Hive  
Tags
 
League
Master
Matchup
Co-op
Replay Pack
Myownreplay2
Add a new tag
Caveats
  • Supply blocks, unpowered buildings, or Contaminate may cause inaccurate times.
  • Supply counts are checked every 10 seconds.